[Event "Team 45 45 League T28"]
[Site "Free Internet Chess Server"]
[Date "2005.10.20"]
[Round "6"]
[White "zcomcon"]
[Black "Cadger"]
[Result "0-1"]
[WhiteElo "1709"]
[BlackElo "1776"]
[TimeControl "2700+45"]

1. e4 e5 2. Nc3 Nc6 3. f4 d6 4. Nf3 Nf6 5. f5 g6 6. fxg6 hxg6 7. d3 Be6 8. Bg5 Be7 9. Qd2 Qd7 10. O-O-O O-O-O 11. h3 d5 12. Bxf6 Bxf6 13. exd5 Bxd5 14. Nxd5 Qxd5 15. Ng5 Bg7 16. Kb1 Bh6 17. h4 f6 18. Rh3 fxg5 19. hxg5 Bg7 20. Rxh8 Bxh8 21. g4 Qa5 22. Qf2 e4 23. Qf7 Qxg5 24. Qe6+ Kb8 25. Qxe4 Qe5 26. Qxe5 Nxe5 27. Be2 c5 28. Rh1 Bg7 29. Kc1 Kc7 30. Rh7 Rd7 31. a3 Nc6 32. c3 Kd6 33. Kc2 Ke5 34. Bf3 Kf4 35. Bxc6 bxc6 36. Rh1 Kxg4 37. Rg1+ Kf5 38. Rf1+ Ke6 39. Rg1 Kf7 40. Rf1+ Bf6 41. Rf4 g5 42. Rg4 Kg6 43. Rc4 Be7 44. b4 Kh5 45. bxc5 g4 46. Rf4 Kh4 47. Rf7 Kh3 48. Rh7+ Kg2 49. Rg7 g3 50. Kd2 Kf1 51. Rf7+ Kg1 52. Ke2 a5 53. a4 Rc7 54. Rg7 g2 55. Kf3 Kh1 56. Rh7+ Kg1 57. Rg7 Kh1 58. Rh7+ Kg1 59. Rg7 Bd6 60. Rxg2+ Kh1 61. cxd6 Rf7+ 62. Ke4 Kxg2 63. Ke5 Kf3 64. Ke6 Rh7 65. d7 Rh8 66. Kd6 Ke3 67. Kxc6 Kxd3 68. Kc7 Kxc3 69. d8=Q Rxd8 70. Kxd8 Kb4 71. Kd7 Kxa4 72. Kc6 Kb3 73. Kd5 a4   {White resigns} 0-1

[Event "Team 45 45 League T28"]
[Site "Free Internet Chess Server"]
[Date "2005.10.21"]
[Round "6"]
[White "pollock"]
[Black "CleverBanana"]
[Result "1-0"]
[WhiteElo "1730"]
[BlackElo "1564"]
[TimeControl "2700+45"]

1. e4 c5 2. d4 cxd4 3. c3 dxc3 4. Nxc3 g6 5. Bc4 Bg7 6. Qf3 e6 7. Nb5 Qb6 8. Bf4 e5 9. Bxe5 Bxe5 10. Qxf7+ Kd8 11. Qf8#   {Black checkmated} 1-0

[Event "Team 45 45 League T28"]
[Site "Free Internet Chess Server"]
[Date "2005.10.20"]
[Round "6"]
[White "ahorse"]
[Black "kosu"]
[Result "1/2-1/2"]
[WhiteElo "1547"]
[BlackElo "1583"]
[TimeControl "2700+45"]

1. e4 e5 2. f4 exf4 3. Nf3 d5 4. exd5 Nf6 5. Bc4 Bd6 6. O-O O-O 7. d4 Bg4 8. Qd3 h6 9. Ne5 Bh5 10. Bxf4 Nbd7 11. Nd2 Re8 12. Rae1 Re7 13. Re3 Nf8 14. Rg3 Bg6 15. Nxg6 Nxg6 16. Bxd6 Qxd6 17. Qf5 Nh4 18. Qh3 Ng6 19. Nf3 Nf4 20. Qxh6 N6h5 21. Qxd6 cxd6 22. Rg4 Re4 23. g3 Ne2+ 24. Bxe2 Rxg4 25. Ne5 Re4 26. Bxh5 dxe5 27. Bxf7+ Kh8 28. Rf5 g5 29. dxe5 Kg7 30. e6 Rf8 31. Rxg5+ Kf6 32. Rg6+ Ke7 33. Rg7 Re5 34. c4 b6 35. Rg4 Kd6 36. b4 Rh8 37. Bg8 Re2 38. h4 Rh6 39. Rg7 Rf6 40. Rd7+ Ke5 41. d6 Rff2 42. e7 Rg2+ 43. Kf1 Rgf2+ 44. Kg1 Rg2+   {Game drawn by mutual agreement} 1/2-1/2

[Event "Team 45 45 League T28"]
[Site "Free Internet Chess Server"]
[Date "2005.10.21"]
[Round "6"]
[White "DavetheBravest"]
[Black "SamuraiGoroh"]
[Result "1/2-1/2"]
[WhiteElo "1532"]
[BlackElo "1515"]
[TimeControl "2700+45"]

1. c4 e5 2. e4 Nf6 3. Nc3 Nc6 4. a3 Bc5 5. b4 Bd4 6. Qc2 Ng4 7. Nh3 O-O 8. Be2 Qh4 9. Bxg4 Qxg4 10. O-O Bxc3 11. Qxc3 Qxe4 12. Bb2 Nd4 13. Kh1 d6 14. Ng5 Qh4 15. Nf3 Nxf3 16. Qxf3 Qxc4 17. Rac1 Qb5 18. Rfe1 c6 19. Re4 Qd5 20. Qe2 Bf5 21. Rh4 Qa2 22. d3 h6 23. Qe3 Bxd3 24. Bxe5 dxe5 25. Qxd3 Qxf2 26. Rg4 Rad8 27. Qh3 Rd2 28. Qxh6 g6 29. Rxg6+ fxg6 30. Qxg6+   {Game drawn by mutual agreement} 1/2-1/2

[Event "Team 45 45 League T28"]
[Site "Free Internet Chess Server"]
[Date "2005.10.25"]
[Round "6"]
[White "BIRDSMAN"]
[Black "RFFISCHER"]
[Result "0-1"]
[WhiteElo "1622"]
[BlackElo "1533"]
[TimeControl "2700+45"]

1. e4 c5 2. d4 cxd4 3. Nf3 Nc6 4. Nxd4 e5 5. Nb5 d6 6. N1c3 a6 7. Na3 Nf6 8. f3 b5 9. Nd5 Be7 10. c3 O-O 11. Nc2 Be6 12. Nce3 Ne8 13. a4 Bh4+ 14. g3 Bg5 15. Bg2 f5 16. exf5 Bxf5 17. Nxf5 Rxf5 18. Ne3 Rf7 19. f4 exf4 20. Bxc6 Raa7 21. Bd5 fxe3 22. Bxf7+ Rxf7 23. Qb3 Qf6 24. Qd5 Qf2+ 25. Kd1 e2+ 26. Kc2 e1=Q+ 27. Bd2 Qexd2+ 28. Qxd2 Qxd2+   {White resigns} 0-1

[Event "Team 45 45 League T28"]
[Site "Free Internet Chess Server"]
[Date "2005.10.23"]
[Round "6"]
[White "clarinetref"]
[Black "Vinoblanca"]
[Result "1-0"]
[WhiteElo "1542"]
[BlackElo "1514"]
[TimeControl "2700+45"]

1. Nf3 Nf6 2. g3 e6 3. c4 Be7 4. Bg2 c6 5. b3 d5 6. d3 O-O 7. O-O Nbd7 8. Bb2 Qc7 9. Nbd2 b5 10. cxb5 cxb5 11. Rc1 Qd6 12. a3 Bb7 13. b4 Rac8 14. Nd4 a6 15. N2b3 Rxc1 16. Qxc1 Rc8 17. Qa1 Kf8 18. Nf3 Rc2 19. Re1 Qc7 20. Nbd4   {Black resigns} 1-0

[Event "Team 45 45 League T28"]
[Site "Free Internet Chess Server"]
[Date "2005.10.22"]
[Round "6"]
[White "SuperDiman"]
[Black "xplan"]
[Result "1-0"]
[WhiteElo "1473"]
[BlackElo "1438"]
[TimeControl "2700+45"]

1. d4 Nf6 2. c3 d5 3. e3 Nc6 4. Nf3 Bg4 5. Bb5 Bd7 6. Ne5 Nxe5 7. dxe5 Ne4 8. Qxd5 Bxb5 9. Qxb5+ c6 10. Qxb7 Qc8 11. Qxc8+ Rxc8 12. f3 Nc5 13. O-O e6 14. b3 Be7 15. Ba3 Rc7 16. Bxc5 Bxc5 17. Re1 O-O 18. Nd2 Rd8 19. Rad1 Rcd7 20. b4 Bb6 21. Re2 Rxd2 22. Rdxd2 Rxd2 23. Rxd2 Bxe3+ 24. Rf2 Bxf2+ 25. Kxf2 f6 26. exf6 gxf6 27. Ke3 Kf7 28. Ke4 Kg6 29. g3 Kg5 30. h3 Kg6 31. c4 e5 32. b5 c5 33. a4 Kf7 34. Kf5 Ke7 35. a5   {Black resigns} 1-0

[Event "Team 45 45 League T28"]
[Site "Free Internet Chess Server"]
[Date "2005.10.22"]
[Round "6"]
[White "grabapawn"]
[Black "KlassAct"]
[Result "1/2-1/2"]
[WhiteElo "1384"]
[BlackElo "1411"]
[TimeControl "2700+45"]

1. e4 e5 2. Nf3 Nc6 3. Bc4 Bc5 4. Nc3 d6 5. d3 h6 6. Be3 Bb6 7. Nd5 Nf6 8. Nxf6+ Qxf6 9. h3 O-O 10. c3 Na5 11. Bb5 Nc6 12. d4 a6 13. Ba4 exd4 14. Bxd4 Bxd4 15. cxd4 b5 16. Bc2 Re8 17. a3 Bb7 18. O-O Rad8 19. d5 Ne5 20. Nd4 c6 21. f4 cxd5 22. fxe5 Qxe5 23. Nf3 Qxb2 24. exd5 Qc3 25. a4 Qc5+ 26. Kh1 Bxd5 27. Rc1 Bc4 28. Re1 d5 29. axb5 axb5 30. Rxe8+ Rxe8 31. Bb3 Qf2 32. Bxc4 dxc4 33. Qd7 Re2 34. Qc8+ Kh7 35. Qf5+ Kg8 36. Qc8+ Kh7 37. Qf5+ Kg8 38. Qc8+ Kh7 39. Qf5+ Kg8 40. Qc8+   {Game drawn by repetition} 1/2-1/2

[Event "Team 45 45 League T28"]
[Site "Free Internet Chess Server"]
[Date "2005.10.23"]
[Round "6"]
[White "ymy"]
[Black "noHz"]
[Result "0-1"]
[WhiteElo "1806"]
[BlackElo "1860"]
[TimeControl "2700+45"]

1. b3 e5 2. Bb2 Nc6 3. e3 d6 4. Nc3 Nf6 5. g3 Bg4 6. Be2 Bxe2 7. Ngxe2 Qd7 8. a4 Be7 9. d4 Qh3 10. Ng1 Qf5 11. Nb5 O-O-O 12. d5 Nb4 13. Rc1 a6 14. Na3 Nbxd5 15. Qf3 Qg6 16. Ne2 h5 17. h4 Nb6 18. c4 Nbd7 19. Nc3 e4 20. Qe2 Ne5 21. Nd5 Nd3+ 22. Qxd3 Nxd5 23. Qxd5 Kb8 24. Qd2 Rhg8 25. Nc2 Qg4 26. Qe2 Qg6 27. Bd4 Rh8 28. b4 c5 29. bxc5 dxc5 30. Be5+ Ka8 31. Bf4 Rd3 32. O-O Bxh4 33. Ne1 Rdd8 34. Ng2 Bf6 35. Rfd1 h4 36. Rxd8+ Bxd8 37. Rb1 h3 38. Ne1 Qc6 39. Qb2 f6 40. Rd1 Be7 41. g4 Qe6 42. Bg3 Qxg4 43. Rb1 Qc8 44. Qb6 Bd8 45. Qd6 Ba5 46. Nc2 Qg4 47. Qd1 Qf5 48. Kh2 Rd8 49. Qf1 Rd2 50. Na1 Bc7 51. Bxc7 Rxf2+ 52. Qxf2 Qxf2+ 53. Kxh3 Qxe3+ 54. Bg3 Qh6+ 55. Kg2 Qd2+ 56. Kh3 Qd7+ 57. Kh2 Qxa4 58. Rc1 Qa2+ 59. Kh3 Qb2 60. Rd1 e3 61. Re1 e2 62. Kg2 a5 63. Kf2 a4 64. Bf4 a3 65. Be3 b6 66. Kf3 a2 67. Kf2 Kb7 68. Rg1 g5 69. Re1 Ka6 70. Rc1 Kb7 71. Ke1 Kc6 72. Bd2 Qe5 73. Nc2 g4 74. Na1 f5 75. Bc3 Qe3 76. Rc2 g3   {White resigns} 0-1

[Event "Team 45 45 League T28"]
[Site "Free Internet Chess Server"]
[Date "2005.10.21"]
[Round "6"]
[White "jestrada"]
[Black "bsdc"]
[Result "0-1"]
[WhiteElo "1900"]
[BlackElo "1652"]
[TimeControl "2700+45"]

1. e4 Nf6 2. Nc3 e5 3. f4 Bb4 4. fxe5 Bxc3 5. bxc3 Nxe4 6. Qf3 d5 7. Ba3 Qg5 8. Bd3 Qxd2+ 9. Kf1 Bg4 10. Rd1 Qxd1+ 11. Qxd1 Bxd1 12. h3 Ng3+ 13. Ke1 Nxh1 14. Kxd1 Nf2+ 15. Ke2 Nxd3 16. cxd3 Nc6 17. Nf3 O-O-O 18. Ng5 Nxe5 19. d4 Nc4 20. Bb4 Rde8+ 21. Kd3 f6   {White resigns} 0-1

[Event "Team 45 45 League T28"]
[Site "Free Internet Chess Server"]
[Date "2005.10.22"]
[Round "6"]
[White "GadsHill"]
[Black "itsMrPatzer"]
[Result "1-0"]
[WhiteElo "1681"]
[BlackElo "1500"]
[TimeControl "2700+45"]

1. d4 e6 2. c4 c6 3. Nc3 d5 4. Nf3 Nf6 5. cxd5 Nxd5 6. e4 Nxc3 7. bxc3 Be7 8. e5 c5 9. Bc4 cxd4 10. Nxd4 O-O 11. O-O Nd7 12. f4 Nb6 13. Bb3 a5 14. Qd3 a4 15. Bc2 g6 16. Be3 Nd5 17. Rae1 Nxe3 18. Rxe3 b6 19. Nc6 Qxd3 20. Nxe7+   {Black resigns} 1-0

[Event "Team 45 45 League T28"]
[Site "Free Internet Chess Server"]
[Date "2005.10.22"]
[Round "6"]
[White "Litovec"]
[Black "SamGB"]
[Result "0-1"]
[WhiteElo "1855"]
[BlackElo "1904"]
[TimeControl "2700+45"]

1. e4 e5 2. Nf3 Nf6 3. Nc3 Bb4 4. Bc4 O-O 5. d4 Nxe4 6. Bd2 Nxd2 7. Qxd2 d5 8. Bb3 exd4 9. Nxd4 c5 10. O-O-O cxd4 11. Qxd4 Bxc3 12. Qxc3 Be6 13. h4 Na6 14. h5 h6 15. g4 Rc8 16. Qd4 Nc5 17. g5 Nxb3+ 18. axb3 Qxg5+ 19. f4 Qf6 20. Qxa7 Ra8 21. Qe3 Bg4   {White resigns} 0-1

[Event "Team 45 45 League T28"]
[Site "Free Internet Chess Server"]
[Date "2005.10.23"]
[Round "6"]
[White "TripleCheck"]
[Black "trajanus"]
[Result "1-0"]
[WhiteElo "2156"]
[BlackElo "2048"]
[TimeControl "2700+45"]

1. e4 c5 2. Nc3 Nc6 3. Bb5 g6 4. Bxc6 dxc6 5. d3 Bg7 6. Nge2 e5 7. Be3 b6 8. Qd2 Be6 9. b3 Qe7 10. O-O Nf6 11. h3 O-O 12. a4 a5 13. f4 exf4 14. Nxf4 Nd7 15. Rae1 Rad8 16. Nce2 f5 17. Ng3 fxe4 18. Nxe4 Bf5 19. Ng3 Ne5 20. Nfh5 gxh5 21. Bg5 Qd7 22. Bxd8 Qxd8 23. Nxf5 Bf6 24. Ng3 Ng6 25. Nxh5 Bd4+ 26. Kh1 Rxf1+ 27. Rxf1 Qh4 28. Qe2 Qd8 29. Qe6+ Kh8 30. Re1 Bg7 31. Qf7   {Black resigns} 1-0

[Event "Team 45 45 League T28"]
[Site "Free Internet Chess Server"]
[Date "2005.10.26"]
[Round "6"]
[White "Akavall"]
[Black "zota"]
[Result "1/2-1/2"]
[WhiteElo "1974"]
[BlackElo "1950"]
[TimeControl "2700+45"]

1. e4 c5 2. Nf3 d6 3. c3 Nf6 4. Be2 e5 5. O-O Be7 6. d3 O-O 7. Nbd2 Re8 8. Nc4 Bf8 9. Ne3 d5 10. exd5 Nxd5 11. Nxd5 Qxd5 12. Be3 Nc6 13. Nd2 Bf5 14. Qc2 Rac8 15. Ne4 Nd4 16. Bxd4 exd4 17. c4 Qd7 18. Bf3 Bg4 19. Bxg4 Qxg4 20. Qd1 Qg6 21. Qf3 Rc6 22. Rfe1 Rce6 23. Re2 f5 24. Ng3 Rxe2 25. Nxe2 Bd6 26. Qd5+ Qe6 27. Qxe6+ Rxe6 28. Kf1 Kf7 29. h3 g5 30. g4 Kg6 31. Re1 Kf6 32. gxf5 Kxf5 33. Ng3+   {Game drawn by mutual agreement} 1/2-1/2

[Event "Team 45 45 League T28"]
[Site "Free Internet Chess Server"]
[Date "2005.10.23"]
[Round "6"]
[White "fledermaus"]
[Black "ButiOxa"]
[Result "1/2-1/2"]
[WhiteElo "1942"]
[BlackElo "1829"]
[TimeControl "2700+45"]

1. d4 Nf6 2. c4 c5 3. d5 e6 4. Nc3 exd5 5. cxd5 d6 6. e4 g6 7. Bd3 Bg7 8. h3 O-O 9. Nf3 a6 10. a4 Qc7 11. O-O Nbd7 12. Re1 Re8 13. Bf4 Nh5 14. Bh2 Ne5 15. Nxe5 Bxe5 16. Bxe5 Rxe5 17. Qd2 g5 18. Ne2 Qe7 19. g4 Ng7 20. f4 gxf4 21. Qxf4 h5 22. Ng3 hxg4 23. hxg4 Qg5 24. Rf1 Qxf4 25. Rxf4 Bd7 26. Nf1 Rc8 27. Ne3 b5 28. axb5 axb5 29. Ra7 Rd8 30. Rb7 c4 31. Bxc4 bxc4 32. Nxc4 Rg5 33. Nxd6 Bxg4 34. Nxf7 Bc8+ 35. Nxg5 Bxb7 36. Rf7 Bxd5 37. exd5 Rxd5 38. Rf3 Rxg5+ 39. Kf2   {Game drawn by mutual agreement} 1/2-1/2

[Event "Team 45 45 League T28"]
[Site "Free Internet Chess Server"]
[Date "2005.10.25"]
[Round "6"]
[White "gracey"]
[Black "roverch"]
[Result "1-0"]
[WhiteElo "2047"]
[BlackElo "1838"]
[TimeControl "2700+45"]

1. d4 d5 2. c4 c6 3. Nc3 Nf6 4. e3 dxc4 5. Bxc4 b5 6. Bd3 Nbd7 7. Nf3 e6 8. Qc2 Bb7 9. O-O Rc8 10. Nd2 b4 11. Nce4 c5 12. Nxf6+ gxf6 13. Qa4 Qb6 14. Ne4 Bc6 15. Qa6 Qc7 16. Bd2 Rg8 17. Rac1 f5 18. Ng3 h5 19. Bb5 Bb7 20. Qxa7 Ra8 21. Rxc5 Bxc5 22. Qxc5 Qxc5 23. dxc5 Ra5 24. a4 Ba6 25. c6 Bxb5 26. axb5 Rxb5 27. Nxh5 Ne5 28. Nf6+ Kf8 29. Nxg8 Kxg8 30. c7   {Black resigns} 1-0

[Event "Team 45 45 League T28"]
[Site "Free Internet Chess Server"]
[Date "2005.10.28"]
[Round "6"]
[White "TheTactician"]
[Black "SerhiyFranchuk"]
[Result "1-0"]
[WhiteElo "1817"]
[BlackElo "2000"]
[TimeControl "2700+45"]

1. e4 c5 2. Nf3 d6 3. d4 cxd4 4. Nxd4 Nf6 5. Nc3 a6 6. Be2 e6 7. O-O Be7 8. f4 b5 9. Bf3 e5 10. Nf5 O-O 11. Nxe7+ Qxe7 12. Nd5 Nxd5 13. Qxd5 Bb7 14. Qb3 Nd7 15. f5 Nc5 16. Qe3 d5 17. exd5 e4 18. Bd2 Bxd5 19. Bb4 Rfc8 20. f6 gxf6 21. Bg4 Be6 22. Bf5 a5 23. Bc3 Nd7 24. Qh6 Qc5+ 25. Kh1 Bxf5 26. Bxf6 Nxf6 27. Qg5+ Bg6 28. Qxf6 Rc6 29. Qf4 Qxc2 30. Rac1 Qxb2 31. Rxc6 Qxa2 32. Rfc1 Re8 33. Qf6 Qd5 34. Rc8 Qd7 35. Rxe8+ Qxe8 36. Rd1 a4 37. Rd8 Qxd8 38. Qxd8+ Kg7 39. Qd4+ Kf8 40. Qb4+ Kg7 41. Qxb5 Kf6 42. Qxa4 Ke5 43. Qa7 f5 44. g3 Kf6 45. Kg2 Kg5 46. Qe7+ Kh6 47. h4 e3 48. Qg5+ Kg7 49. h5 e2 50. Kf2 e1=Q+ 51. Kxe1 f4 52. gxf4 h6 53. Qxg6+ Kh8 54. Qf6+ Kg8 55. Qe7 Kh8 56. f5 Kg8 57. f6 Kh8   {Black resigns} 1-0

[Event "Team 45 45 League T28"]
[Site "Free Internet Chess Server"]
[Date "2005.10.24"]
[Round "6"]
[White "Litovec"]
[Black "RomaLavrn"]
[Result "0-1"]
[WhiteElo "1827"]
[BlackElo "1793"]
[TimeControl "2700+45"]

1. e4 c5 2. Nf3 d6 3. d4 Nf6 4. dxc5 Nxe4 5. cxd6 Nc6 6. Bd3 Nxd6 7. Bf4 Bg4 8. Nbd2 e5 9. Bg3 Be7 10. c3 O-O 11. h3 Bh5 12. Ne4 f5 13. Nxd6 Bxd6 14. Bc4+ Bf7 15. Bh4 Qc7 16. Bxf7+ Rxf7 17. Ng5 Rf6 18. Nxh7 Rh6 19. Nf6+ gxf6 20. Bg3 Kf7 21. Qd5+ Ke7 22. O-O-O Rd8 23. Qf3 f4 24. Qg4 Rh7 25. Bxf4 exf4 26. Rhe1+ Be5 27. Qf5 Rxd1+ 28. Rxd1 Rh8 29. Qg6 Rf8 30. h4 Nb4 31. h5 Nxa2+ 32. Kb1 Nxc3+ 33. bxc3 Qxc3 34. Qg7+ Rf7 35. Rd7+ Kxd7 36. Qxf7+ Kc6 37. Qe6+ Kb5 38. Qd7+ Ka5 39. Qd5+ Kb6 40. Qe6+ Kc5 41. Qc8+ Kb6 42. Qe6+ Ka5 43. Qd5+ Ka4 44. Qd7+ Ka3 45. Qe7+ Qb4+ 46. Qxb4+ Kxb4 47. h6 f5   {White resigns} 0-1

[Event "Team 45 45 League T28"]
[Site "Free Internet Chess Server"]
[Date "2005.10.22"]
[Round "6"]
[White "AlefZero"]
[Black "Maras"]
[Result "1/2-1/2"]
[WhiteElo "2200"]
[BlackElo "2139"]
[TimeControl "2700+45"]

1. e4 e6 2. d4 d5 3. Nc3 Bb4 4. Bd3 dxe4 5. Bxe4 Nf6 6. Bg5 h6 7. Bxf6 Qxf6 8. Nf3 O-O 9. O-O Rd8 10. Qe2 c5 11. Nb5 Na6 12. c3 Ba5 13. Rad1 cxd4 14. Nbxd4 Nc5 15. Bc2 Bb6 16. b4 Nd7 17. c4 a6 18. c5 Bc7 19. Rfe1 Nf8 20. Qe4 Rb8 21. a4 Ng6 22. h4 Qf4 23. g3 Qxe4 24. Bxe4 Ne7 25. b5 Ba5 26. Rf1 Nd5 27. Bxd5 Rxd5 28. Nb3 Bb4 29. Rxd5 exd5 30. Rd1 axb5 31. axb5 Bd7 32. Nfd4 Rc8 33. c6 bxc6 34. Nxc6 Bxc6 35. bxc6 Rxc6 36. Rxd5   {Game drawn by mutual agreement} 1/2-1/2

[Event "Team 45 45 League T28"]
[Site "Free Internet Chess Server"]
[Date "2005.10.21"]
[Round "6"]
[White "trener"]
[Black "sonareclipse"]
[Result "1/2-1/2"]
[WhiteElo "1828"]
[BlackElo "2045"]
[TimeControl "2700+45"]

1. e4 c5 2. Nf3 d6 3. d4 cxd4 4. Nxd4 Nf6 5. Nc3 g6 6. Be3 Bg7 7. f3 Nc6 8. Qd2 O-O 9. Bc4 Bd7 10. O-O-O Qa5 11. h4 Rfc8 12. Bb3 Ne5 13. h5 Rxc3 14. bxc3 Nxh5 15. Bh6 Ng3 16. Bxg7 Nxh1 17. Rxh1 Kxg7 18. Qh6+ Kf6 19. Qf4+ Kg7 20. Qh6+ Kf6 21. Qf4+ Kg7   {Game drawn by mutual agreement} 1/2-1/2

[Event "Team 45 45 League T28"]
[Site "Free Internet Chess Server"]
[Date "2005.10.20"]
[Round "6"]
[White "Thalagor"]
[Black "Mekk"]
[Result "1/2-1/2"]
[WhiteElo "1882"]
[BlackElo "1788"]
[TimeControl "2700+45"]

1. e4 c6 2. d4 d5 3. exd5 cxd5 4. c4 e6 5. Bd3 Nf6 6. Nf3 Be7 7. Nc3 dxc4 8. Bxc4 O-O 9. O-O Qc7 10. Bb3 a6 11. Bc2 Nbd7 12. Qd3 Rd8 13. Bg5 Nf8 14. Rae1 b5 15. Bb1 Bb7 16. Bxf6 Bxf6 17. Ne4 Qe7 18. Nxf6+ Qxf6 19. Ne5 Ng6 20. f4 Qh4 21. Nxf7 Kxf7 22. f5 Ne7 23. fxe6+ Kg8 24. Re3 Rxd4 25. Rh3 Ng6 26. Qf5 Qf6 27. Qh5 Rf4 28. Qxh7+ Kf8 29. Rxf4 Nxf4 30. Re3 Nxe6 31. Bf5 Qg5 32. Qh8+ Kf7 33. Bxe6+ Ke7 34. Qh3 Kf6 35. Bb3 Bd5 36. Bxd5 Qxd5 37. Qf3+ Qxf3 38. Rxf3+ Ke6 39. Rg3 Ra7 40. Kf2 Kf6 41. Rc3 b4 42. Rc5 a5 43. Kf3 Ke6 44. Ke4 Ra6 45. h4 Kf6 46. Rf5+ Ke6 47. h5 Ke7 48. g4 g6 49. Re5+ Kf6 50. g5+ Kf7 51. h6 Ra8 52. h7 Kg7 53. Re7+ Kh8 54. Ke5 Rf8 55. Kd4 Rf5 56. Re5 Rf2 57. Rxa5 Kxh7 58. Ra7+ Kg8 59. Ke5   {Game drawn by mutual agreement} 1/2-1/2

[Event "Team 45 45 League T28"]
[Site "Free Internet Chess Server"]
[Date "2005.10.23"]
[Round "6"]
[White "tjraczko"]
[Black "LLIAMAH"]
[Result "0-1"]
[WhiteElo "1586"]
[BlackElo "1717"]
[TimeControl "2700+45"]

1. e4 e5 2. Nf3 Nf6 3. Nxe5 Qe7 4. d4 d6 5. Nd3 Nxe4 6. Qe2 Bf5 7. f3 Nf6 8. Qxe7+ Bxe7 9. Be3 Nd5 10. Bf2 O-O 11. Nd2 Bg5 12. O-O-O Nc6 13. Kb1 Be3 14. Bxe3 Nxe3 15. Rc1 Nxd4 16. g4 Bd7 17. Ne1 f5 18. g5 f4 19. Bd3 c5 20. Nc4 d5 21. Ne5 Bf5 22. h4 Bxd3 23. N5xd3 Ne2 24. Nxc5 Nxc1 25. Kxc1 b6 26. Ne6 Rf7 27. Nd4 Rc8 28. c3 Nf5 29. Nec2 Re8 30. Kd2 a6 31. Nb4 Ne3 32. Nxa6 Rfe7 33. Nb4 Nc4+ 34. Kc2 Re1 35. Rxe1 Rxe1 36. Nxd5 Ne3+ 37. Nxe3 fxe3 38. Kd3 Rh1 39. Kxe3 Rxh4 40. b4 Kf7 41. a3 h6 42. Nf5 Rh1 43. f4 Rh3+ 44. Kd4 h5 45. a4 g6 46. Nd6+ Ke6 47. Nc8 Kf5 48. Nxb6 Kxf4 49. a5 Rh1 50. a6 Rd1+ 51. Kc5 h4 52. Nd5+ Kf3 53. a7 Ra1 54. Kb6 h3 55. Kb7 h2 56. a8=Q Rxa8 57. Kxa8 h1=Q 58. Kb8 Ke4 59. c4 Kd4 60. b5 Kxc4 61. Ne7 Kxb5 62. Nxg6 Kb6 63. Kc8 Qc6+   {White resigns} 0-1

[Event "Team 45 45 League T28"]
[Site "Free Internet Chess Server"]
[Date "2005.10.20"]
[Round "6"]
[White "jjgsmm"]
[Black "couv"]
[Result "0-1"]
[WhiteElo "1663"]
[BlackElo "1538"]
[TimeControl "2700+45"]

1. e4 e6 2. d4 d5 3. Nc3 dxe4 4. Nxe4 Be7 5. Nf3 Nf6 6. Nxf6+ Bxf6 7. c3 c5 8. Bb5+ Bd7 9. Bxd7+ Nxd7 10. O-O cxd4 11. Nxd4 O-O 12. Bf4 e5 13. Ne2 exf4 14. Nxf4 Re8 15. Qb3 Qb6 16. Qc2 Qc6 17. Rad1 Nb6 18. Nd3 Rad8 19. Nb4 Qe4 20. Qxe4 Rxe4 21. f3 Rxd1 22. Rxd1 Re2 23. Rb1 h6 24. Kf1 Rd2 25. h3 a5   {White resigns} 0-1

[Event "Team 45 45 League T28"]
[Site "Free Internet Chess Server"]
[Date "2005.10.23"]
[Round "6"]
[White "Lamtarra"]
[Black "phorku"]
[Result "0-1"]
[WhiteElo "1584"]
[BlackElo "1547"]
[TimeControl "2700+45"]

1. e4 d5 2. e5 Bf5 3. d4 e6 4. Nf3 a6 5. g3 Nc6 6. a3 f6 7. Bg2 Be7 8. O-O g5 9. c3 g4 10. Nh4 fxe5 11. Nxf5 exf5 12. dxe5 Nxe5 13. Bf4 Ng6 14. Qxd5 Qxd5 15. Bxd5 O-O-O 16. Be6+ Kb8 17. Bxf5 Nxf4 18. gxf4 Nf6 19. Re1 Bd6 20. Nd2 Bxa3 21. bxa3 Rxd2 22. Rad1 Rxd1 23. Rxd1 h5 24. Re1 Nd5 25. Re5 Nxf4 26. Kf1 Rd8 27. Ke1 Nd3+ 28. Bxd3 Rxd3 29. Re3 Rd5 30. c4 Rc5 31. Re4 b5 32. cxb5 axb5 33. Kf1 c6 34. a4 Rc4 35. Rxc4 bxc4 36. Ke2 Kb7 37. Kd2 Kb6 38. Kc3 Kc5 39. a5 Kb5 40. a6 Kxa6 41. Kxc4 Kb6 42. Kd3 Kb5 43. f4 c5 44. f5 Kc6 45. f6 Kd7 46. Kc4 Ke6 47. f7 Kxf7 48. Kxc5 Kf6 49. Kd4 Kf5 50. Ke3 h4 51. Kf2 Kf4 52. Kg2 g3 53. Kh3 Kf3 54. hxg3 hxg3 55. Kh4 Kf2 56. Kh3 g2 57. Kh2 g1=Q+   {White resigns} 0-1

[Event "Team 45 45 League T28"]
[Site "Free Internet Chess Server"]
[Date "2005.10.23"]
[Round "6"]
[White "MegaSkins"]
[Black "byrdman"]
[Result "0-1"]
[WhiteElo "1396"]
[BlackElo "1487"]
[TimeControl "2700+45"]

1. Nf3 d5 2. d3 Nf6 3. g3 c5 4. Bg2 Nc6 5. O-O e5 6. c4 d4 7. e3 Bg4 8. h3 Bh5 9. Qe1 Be7 10. g4 Bxg4 11. hxg4 Nxg4 12. exd4 exd4 13. Nh2 Nxh2 14. Kxh2 Qc7+ 15. Kg1 O-O 16. Nd2 Rae8 17. a3 Ne5 18. Qe4 f5 19. Qf4 Bd6 20. Nf3 Nxd3 21. Qd2 Nxc1 22. Raxc1 Bf4 23. Qd3 Bxc1 24. Rxc1 Qf4 25. Rf1 Rf6 26. b4 b6 27. bxc5 bxc5 28. Qb3 Rg6 29. Ne1 Rb8 30. Nd3 Rxg2+ 31. Kxg2 Qg4+   {White resigns} 0-1

[Event "Team 45 45 League T28"]
[Site "Free Internet Chess Server"]
[Date "2005.10.23"]
[Round "6"]
[White "twotowers"]
[Black "GadsHill"]
[Result "1/2-1/2"]
[WhiteElo "1649"]
[BlackElo "1694"]
[TimeControl "2700+45"]

1. Nf3 Nf6 2. g3 d5 3. Bg2 c6 4. O-O Bg4 5. d3 Nbd7 6. Nbd2 e6 7. b3 Bd6 8. Bb2 Qc7 9. e4 O-O-O 10. Qe1 Ne5 11. Nxe5 Bxe5 12. d4 Bxd4 13. Bxd4 c5 14. Bxf6 gxf6 15. exd5 exd5 16. Nf3 Rhe8 17. Qd2 h5 18. Rfe1 d4 19. Rxe8 Rxe8 20. Re1 Re6 21. Nh4 Qe7 22. Kf1 Re5 23. Rxe5 fxe5 24. f3 Bd7 25. a4 f5 26. Bh3 Qf7 27. Qg5 e4 28. f4 c4 29. Bxf5 cxb3 30. Bxd7+ Qxd7 31. Qc5+ Kd8 32. Qf8+ Kc7 33. Qc5+ Kd8 34. cxb3 d3 35. Nf5 d2 36. Qf8+ Kc7 37. Qc5+ Kd8 38. Qf8+ Kc7 39. Qc5+ Kd8   {Game drawn by repetition} 1/2-1/2

[Event "Team 45 45 League T28"]
[Site "Free Internet Chess Server"]
[Date "2005.10.23"]
[Round "6"]
[White "jyntor"]
[Black "Woodchuck"]
[Result "0-1"]
[WhiteElo "1581"]
[BlackElo "1582"]
[TimeControl "2700+45"]

1. e4 c5 2. c3 d6 3. d4 Nf6 4. dxc5 Nxe4 5. Qa4+ Bd7 6. Qxe4 Bc6 7. Bb5 Bxb5 8. cxd6 Qxd6 9. Qxb7 Qe6+ 10. Be3 Bc6 11. Qc7 Bxg2 12. Nf3 Bxh1 13. Qb7 Bxf3 14. Qxf3 Nc6 15. Nd2 g6 16. Ne4 Rd8 17. Ng5 Qd5   {White resigns} 0-1

[Event "Team 45 45 League T28"]
[Site "Free Internet Chess Server"]
[Date "2005.10.23"]
[Round "6"]
[White "redback"]
[Black "NovoLook"]
[Result "0-1"]
[WhiteElo "1423"]
[BlackElo "1516"]
[TimeControl "2700+45"]

1. d4 Nf6 2. e3 e6 3. Bd3 b6 4. Nd2 Ba6 5. Bxa6 Nxa6 6. f4 Nd5 7. Qe2 Nab4 8. Nf1 c5 9. c3 Nc6 10. Nf3 cxd4 11. cxd4 Bb4+ 12. Bd2 O-O 13. a3 Be7 14. Ng3 Bh4 15. Qd3 f5 16. Nxh4 Qxh4 17. O-O Rf6 18. Be1 Rh6 19. h3 Qd8 20. e4 fxe4 21. Qxe4 Nce7 22. Bd2 Nf6 23. Qf3 Nfd5 24. f5 Rf6 25. Qe4 Qc7 26. Kh2 Nxf5 27. Qe5 Nxg3 28. Qxc7 Nxc7 29. Rxf6 gxf6 30. Kxg3 Nb5 31. Be3 Rc8 32. Rf1 Kf7 33. a4 Nd6 34. Bg5 Nf5+ 35. Kg4 Rg8 36. h4 h6 37. Kh5 fxg5 38. d5 gxh4 39. dxe6+ dxe6 40. Rxf5+ exf5 41. Kxh4 Rxg2 42. Kh5 f4   {White resigns} 0-1

[Event "Team 45 45 League T28"]
[Site "Free Internet Chess Server"]
[Date "2005.10.23"]
[Round "6"]
[White "EyeAm"]
[Black "mdinutu"]
[Result "0-1"]
[WhiteElo "1415"]
[BlackElo "1476"]
[TimeControl "2700+45"]

1. e4 e5 2. Nc3 Nf6 3. g3 Bc5 4. Bg2 O-O 5. h3 Nc6 6. Nge2 d6 7. O-O Be6 8. Kh2 d5 9. d3 dxe4 10. Nxe4 Nxe4 11. Bxe4 Bd5 12. Bxd5 Qxd5 13. Nc3 Qd7 14. Be3 Bd4 15. Qd2 Bxe3 16. fxe3 Rfe8 17. e4 Nd4 18. Ne2 Rad8 19. Rad1 Qa4 20. Nxd4 Rxd4 21. c3 Rd6 22. a3 Red8 23. Qe2 Qb3 24. Rf2 f6 25. Qe3 Qxd1   {White resigns} 0-1